 Dungeon Crawl Stone Soup version 0.29-a0-559-g359e09b9d1 (webtiles) character file.

Game seed: 14842750124952178521

359 spaghetti the Magician (level 6, -5/53 HPs)
             Began as a Gnoll Wanderer on June 10, 2022.
             Slain by a yak (10 damage)
             ... on level 4 of the Dungeon.
             The game lasted 00:05:20 (3963 turns).

spaghetti the Magician (Gnoll Wanderer)             Turns: 3963, Time: 00:05:20

Health: -5/53      AC:  5    Str: 12    XL:     6   Next: 65%
Magic:  16/16      EV: 10    Int: 10    God:
Gold:   127        SH: 13    Dex: 14    Spells: 19/19 levels left

rFire   . . .      SeeInvis .   i - +4 hand axe (vamp) {axe}
rCold   + . .      Faith    .   e - +0 kite shield
rNeg    . . .      Spirit   .   r - +2 leather armour {rC+}
rPois   .          Reflect  +   (no helmet)
rElec   .          Harm     .   (no cloak)
rCorr   .          Rampage  .   (no gloves)
Will    .....                   (no boots)
Stlth   ++........              k - amulet of reflection
HPRegen 0.17/turn               (no ring)
MPRegen 0.15/turn               (no ring)

@: no status effects
A: fangs 1, strong nose, distributed training
a: no special abilities


You were on level 4 of the Dungeon.
You visited 1 branch of the dungeon, and saw 4 of its levels.
You also visited: Sewer.

You collected 127 gold pieces.


Innate Abilities, Weirdness & Mutations

You have very sharp teeth.
Your uncanny sense of smell can sniff out nearby items.
Your experience applies equally to all skills.


   Skills:
 + Level 6.8 Fighting
 + Level 2.0 Short Blades
 + Level 2.0 Long Blades
 + Level 6.8 Axes
 + Level 2.0 Maces & Flails
 + Level 2.0 Polearms
 + Level 2.0 Staves
 + Level 2.0 Slings
 + Level 2.0 Bows
 + Level 2.0 Crossbows
 + Level 2.0 Throwing
 + Level 2.0 Armour
 + Level 2.0 Dodging
 + Level 2.0 Stealth
 + Level 2.0 Shields
 + Level 2.0 Unarmed Combat
 + Level 7.4 Spellcasting
 + Level 1.6 Conjurations
 + Level 1.6 Hexes
 + Level 1.6 Summonings
 + Level 1.6 Necromancy
 + Level 1.6 Translocations
 + Level 1.6 Transmutations
 + Level 1.6 Fire Magic
 + Level 1.6 Ice Magic
 + Level 1.6 Air Magic
 + Level 1.6 Earth Magic
 + Level 1.6 Poison Magic
 + Level 2.2 Invocations
 + Level 3.3 Evocations


You had 19 spell levels left.
You didn't know any spells.
Your spell library contained the following spells:

 Spells                   Type           Power      Damage    Failure   Level
 Slow                     Hex            28%        N/A       36%         1
 Confusing Touch          Hex            7%         N/A       75%         3
 Vampiric Draining        Necr           7%         2d6       75%         3

Inventory:

Hand Weapons
 a - a +1 war axe {axe}
 i - a +4 vampiric hand axe (weapon) {axe}
   (You found it on level 1 of the Dungeon)
Missiles
 d - 113 stones (quivered) {throwing}
 f - 5 datura-tipped darts {throwing}
 j - 5 curare-tipped darts {=fthrowing}
 q - 5 boomerangs {throwing}
 u - 6 poisoned darts {throwing}
Armour
 c - a +0 robe
 e - a +0 kite shield (worn)
   (You found it on level 1 of the Dungeon)
 r - a +2 leather armour of cold resistance (worn)
   (You took it off a goblin on level 2 of the Dungeon)
Jewellery
 k - an amulet of reflection (around neck)
   (You found it on level 2 of the Dungeon)
Scrolls
 g - a scroll of vulnerability {!r!r}
Potions
 b - 2 potions of curing {@q1}
 h - a potion of brilliance {unknown}
 l - a potion of berserk rage {unknown}
 n - a potion of cancellation {unknown}
 s - 2 potions of haste {unknown}
 t - 3 potions of invisibility {unknown}
 v - a potion of magic {unknown}
 w - a potion of heal wounds {unknown}
 x - a potion of mutation {unknown}
 z - a potion of might {unknown}

Dungeon Overview and Level Annotations

Branches:
Dungeon (4/15)              Sewer (visited)
 Temple: D:4-7

Altars:
Cheibriados

#.............#
#...###.....#.#
###.#......†..#.#.##
............<....>..
#......†.)..####.#
#.#.....)†......
#.###..#.##### ...
#..#o#.### ...#
#.Y@Y....#
#..........YY......
#.. #####.##.......
.. ∆ <... ##.###.
#.#.# .# #.... . #
#. . ..


You could see 4 yaks and an orc.


Message History

You are too injured to fight recklessly!
You are too injured to fight recklessly!
You are too injured to fight recklessly!
You are too injured to fight recklessly!
You are too injured to fight recklessly!
You are too injured to fight recklessly!
You are too injured to fight recklessly!
You are too injured to fight recklessly!
You are too injured to fight recklessly!
You are too injured to fight recklessly!
You are too injured to fight recklessly!
You are too injured to fight recklessly!
You closely miss the orc wizard.
The orc wizard hits you with a +0 dagger.
The orc wizard casts a spell at you. You resist with some effort.
A yak comes into view. 😕 HP[-1]
You take 1 damage, and now have 47/53 hp.
You miss the orc wizard.
The yak bellows!
You hear a bellow!
You block the orc wizard's attack.
You slash the orc wizard!
You feel better.
The orc wizard casts a spell.
The orc wizard flickers and vanishes!
Deactivating autopickup; reactivate with Ctrl-A. 😕 HP[+1]
You miss something. You block something's attack.
The yak bellows!
You hit something.
You feel better.
Reactivating autopickup.
You feel a bit more experienced.
A yak comes into view. 😕 HP[+1]
The yak bellows!
You hit the yak.
You feel better. The yak barely misses you.
A yak comes into view. 😎 HP[+4]
Your hp is fully restored (53).
You hit the yak. The yak gores you!
An orc comes into view. It is wielding a +0 dagger. 😕 HP[-7]
You take 7 damage, and now have 46/53 hp.
Found a stone staircase leading up.
The yak gores you! You block the yak's attack.
Things that are here:
a +0 dagger {short}; a +0 robe; 😮 HP[-10]
You take 10 damage, and now have 36/53 hp.
You are too injured to fight recklessly!
You hit the yak.
You feel better.
You bite the yak, but do no damage. You hit the yak but do no damage.
The yak gores you!
* * * LOW HITPOINT WARNING * * *
You block the yak's attack. 😨 HP[-10]
You take 10 damage, and now have 26/53 hp.
You hit the yak.
You feel better.
You hit the yak. x2
The yak snorts and paws the ground.
You block the yak's attack. The yak gores you.
* * * LOW HITPOINT WARNING * * *
The yak closely misses you. 😨 HP[-2]
You take 2 damage, and now have 24/53 hp.
You slash the yak! You hit the yak but do no damage. You hit the yak.
You feel better. The yak gores you. The yak gores you but does no damage.
You block the yak's attack. 😮 HP[+3]
You regained 3 hp, and now have 27/53 hp.
You hit the yak but do no damage. You bite the yak. You barely miss the yak.
You hit the yak. The yak barely misses you. You block the yak's attack.
You hit the yak but do no damage. You bite the yak, but do no damage.
You hit the yak.
You feel better.
You hit the yak but do no damage. You block the yak's attack.
The yak gores you!
* * * LOW HITPOINT WARNING * * *
The yak gores you!
* * * LOW HITPOINT WARNING * * *
😱 HP[-22]
You take 22 damage, and now have 5/53 hp.
MASSIVE DAMAGE!! (PAUSE) Unknown command.
Okay, then.
You feel better. You block the yak's attack. The yak barely misses you.
You block the yak's attack. The yak completely misses you. 😨 HP[+9]
You regained 9 hp, and now have 14/53 hp.
Unknown command.
You hit the yak but do no damage. You hit the yak.
You feel better.
You barely miss the yak. You hit the yak. The yak gores you but does no damage.
You block the yak's attack. x2; The yak gores you.
* * * LOW HITPOINT WARNING * * *
😱 HP[-2]
You take 2 damage, and now have 12/53 hp.
You closely miss the yak. You hit the yak.
You feel better.
You hit the yak but do no damage. You hit the yak.
You feel better. You block the yak's attack. The yak gores you.
* * * LOW HITPOINT WARNING * * *
The yak gores you!
* * * LOW HITPOINT WARNING * * *
The yak barely misses you. You block the orc's attack.
The yak closely misses you. The yak gores you!
You die...

Skill      XL: |  1  2  3  4  5  6 |
---------------+-------------------+-----
Invocations    | 1 2 |  2.2
Short Blades   | 1 2 |  2.0
Long Blades    | 1 2 |  2.0
Maces & Flails | 1 2 |  2.0
Polearms       | 1 2 |  2.0
Staves         | 1 2 |  2.0
Slings         | 1 2 |  2.0
Bows           | 1 2 |  2.0
Crossbows      | 1 2 |  2.0
Throwing       | 1 2 |  2.0
Armour         | 1 2 |  2.0
Dodging        | 1 2 |  2.0
Stealth        | 1 2 |  2.0
Shields        | 1 2 |  2.0
Unarmed Combat | 1 2 |  2.0
Conjurations   | 1 |  1.6
Hexes          | 1 |  1.6
Summonings     | 1 |  1.6
Necromancy     | 1 |  1.6
Translocations | 1 |  1.6
Transmutations | 1 |  1.6
Fire Magic     | 1 |  1.6
Ice Magic      | 1 |  1.6
Air Magic      | 1 |  1.6
Earth Magic    | 1 |  1.6
Poison Magic   | 1 |  1.6
Evocations     | 3 |  3.3
Fighting       | |  6.8
Axes           | |  6.8
Spellcasting   | |  7.4

Action                   |  1- 3 |  4- 6 || total
-------------------------+-------+-------++-------
Melee: War axe           |    26 |       ||    26
       Hand axe          |    74 |   140 ||   214
       Bite              |    10 |    16 ||    26
Throw: Stone             |       |    29 ||    29
  Use: Scroll            |     3 |     6 ||     9
       Potion            |       |     1 ||     1
 Stab: Sleeping          |     1 |     1 ||     2
Armor: Robe              |     5 |       ||     5
       Leather armour    |     1 |    44 ||    45
Dodge: Dodged            |    32 |    52 ||    84
Block: Kite shield       |    60 |   118 ||   178
       Reflection        |     2 |     1 ||     3

Levels and vault maps discovered:
D:1:      ldierk_water_garden, layout_loops_ring
D:2:      layout_basic, ebering_ecumenical_altar_ruins, grunt_ministairs_3,
          serial_bayou_lagoon_b
D:3:      layout_loops_ring, lemuel_doored_altar, portal_sewer_entry_a
D:4:      layout_basic, kennysheep_generic_room_15

Notes
Turn   | Place    | Note
-------+----------+-------------------------------------------
     0 | D:1      | spaghetti the Gnoll Wanderer began the quest for the Orb.
     0 | D:1      | spaghetti set off with the following items: a +1 war axe
                  | {axe}, a potion of curing {@q1}, a +0 robe
     0 | D:1      | Reached XP level 1. HP: 23/23 MP: 8/8
     0 | D:1      | magus.rc [v1.9.6]
   148 | D:1      | Reached XP level 2. HP: 8/29 MP: 10/10
  1015 | D:2      | Found a faded altar of an unknown god.
  1079 | D:2      | Reached XP level 3. HP: 26/35 MP: 11/11
  1199 | D:2      | Reached skill level 1 in Invocations
  1435 | D:2      | You pick up a book of Debilitation and begin reading...
  1435 | D:2      | You add the spells Slow, Vampiric Draining and Confusing
                  | Touch to your library.
  1909 | D:2      | Reached skill level 1 in Short Blades
  1909 | D:2      | Reached skill level 1 in Long Blades
  1909 | D:2      | Reached skill level 1 in Maces & Flails
  1909 | D:2      | Reached skill level 1 in Polearms
  1909 | D:2      | Reached skill level 1 in Staves
  1909 | D:2      | Reached skill level 1 in Slings
  1909 | D:2      | Reached skill level 1 in Bows
  1909 | D:2      | Reached skill level 1 in Crossbows
  1909 | D:2      | Reached skill level 1 in Throwing
  1909 | D:2      | Reached skill level 1 in Armour
  1909 | D:2      | Reached skill level 1 in Dodging
  1909 | D:2      | Reached skill level 1 in Stealth
  1909 | D:2      | Reached skill level 1 in Shields
  1909 | D:2      | Reached skill level 1 in Unarmed Combat
  2392 | D:3      | Reached XP level 4. HP: 41/41 MP: 13/13
  2508 | D:3      | Found a glowing drain.
  2528 | Sewer    | Entered a sewer
  2558 | Sewer    | Reached skill level 1 in Conjurations
  2558 | Sewer    | Reached skill level 1 in Hexes
  2558 | Sewer    | Reached skill level 1 in Summonings
  2558 | Sewer    | Reached skill level 1 in Necromancy
  2558 | Sewer    | Reached skill level 1 in Translocations
  2558 | Sewer    | Reached skill level 1 in Transmutations
  2558 | Sewer    | Reached skill level 1 in Fire Magic
  2558 | Sewer    | Reached skill level 1 in Ice Magic
  2558 | Sewer    | Reached skill level 1 in Air Magic
  2558 | Sewer    | Reached skill level 1 in Earth Magic
  2558 | Sewer    | Reached skill level 1 in Poison Magic
  2807 | Sewer    | Reached XP level 5. HP: 47/47 MP: 14/14
  2894 | Sewer    | Reached skill level 3 in Evocations
  3101 | Sewer    | Noticed a kobold brigand
  3114 | Sewer    | Killed a kobold brigand
  3115 | Sewer    | Reached skill level 2 in Invocations
  3115 | Sewer    | Reached XP level 6. HP: 32/53 MP: 16/16
  3793 | D:3      | Found a snail-covered altar of Cheibriados.
  3931 | D:4      | Reached skill level 2 in Short Blades
  3931 | D:4      | Reached skill level 2 in Long Blades
  3931 | D:4      | Reached skill level 2 in Maces & Flails
  3931 | D:4      | Reached skill level 2 in Polearms
  3931 | D:4      | Reached skill level 2 in Staves
  3931 | D:4      | Reached skill level 2 in Slings
  3931 | D:4      | Reached skill level 2 in Bows
  3931 | D:4      | Reached skill level 2 in Crossbows
  3931 | D:4      | Reached skill level 2 in Throwing
  3931 | D:4      | Reached skill level 2 in Armour
  3931 | D:4      | Reached skill level 2 in Dodging
  3931 | D:4      | Reached skill level 2 in Stealth
  3931 | D:4      | Reached skill level 2 in Shields
  3931 | D:4      | Reached skill level 2 in Unarmed Combat
  3944 | D:4      | Noticed a yak
  3948 | D:4      | Noticed a yak
  3952 | D:4      | Noticed a yak
  3953 | D:4      | Noticed a yak
  3960 | D:4      | HP: 5/53 [yak (9)]
  3963 | D:4      | Slain by a yak

Vanquished Creatures
  A kobold brigand (Sewer)
  A howler monkey (D:4)
  An orc wizard (D:4)
  8 adders
  6 river rats
  2 dart slugs
  3 orcs
  8 ball pythons
  3 bats
  7 endoplasms
  2 giant cockroaches (D:3)
  3 goblins
  10 hobgoblins
  2 quokkas
  A frilled lizard (D:2)
  15 kobolds
  27 rats
100 creatures vanquished.

Vanquished Creatures (others)
  A plant (D:2)
  4 toadstools (D:1)
5 creatures vanquished.

Grand Total: 105 creatures vanquished

Table legend:
 A = Non-vault XP
 B = Vault XP
 C = Vault XP percentage of total XP
 D = Non-vault monster count
 E = Vault monster count
 F = Vault count percentage of total count
                 A         B        C        D         E       F
            +---------+---------+-------+---------+---------+-------
      Total |     228 |     286 |  55.6 |      50 |      50 |  50.0
            +---------+---------+-------+---------+---------+-------
        D:1 |      25 |       0 |   0.0 |      13 |       0 |   0.0
        D:2 |      48 |       2 |   4.0 |      20 |       1 |   4.8
        D:3 |      25 |      18 |  41.9 |       7 |       4 |  36.4
        D:4 |     130 |       0 |   0.0 |      10 |       0 |   0.0
      Sewer |       0 |     266 | 100.0 |       0 |      45 | 100.0
            +---------+---------+-------+---------+---------+-------

Illustrated notes

Table legend:
 A = Kills in this place as a percentage of kills in entire the game.
 B = Kills by you in this place as a percentage of kills by you in the entire game.
 C = Kills by friends in this place as a percentage of kills by friends in the entire game.
 D = Other kills in this place as a percentage of other kills in the entire game.
 E = Experience gained in this place as a percentage of experience gained in the entire game.
 F = Experience gained in this place divided by the number of levels of this place that you have seen.
                   A       B       C       D       E      F
               +-------+-------+-------+-------+-------+----------------------
         Total | 100.0 | 100.0 |   N/A |   N/A | 100.0 | 102.8
       Dungeon |  55.0 |  55.0 |   N/A |   N/A |  48.2 |  62.0
         Sewer |  45.0 |  45.0 |   N/A |   N/A |  51.8 | 266.0
               +-------+-------+-------+-------+-------+----------------------

Table legend: (Time is in decaauts)
 A = Elapsed time spent in this place.
 B = Non-inter-level travel time spent in this place.
 C = Inter-level travel time spent in this place.
 D = Time resting spent in this place.
 E = Time spent auto-exploring this place.
 F = Levels seen in this place.
 G = Mean time per level.
                   A        B        C        D        E       F      G
               +--------+--------+--------+--------+--------+-----+--------+
         Total |   4068 |   3999 |     69 |      0 |   3352 |   5 |  813.6 |
       Dungeon |   3022 |   2953 |     69 |      0 |   2563 |   4 |  755.5 |
         Sewer |   1045 |   1045 |      0 |      0 |    789 |   1 | 1045.0 |
               +--------+--------+--------+--------+--------+-----+--------+

Top non-repeatable levels by time:
     D:2: 1287 daAuts
   Sewer: 1045 daAuts
     D:1: 994 daAuts
     D:3: 690 daAuts
     D:4: 50 daAuts
